 Dungeon Crawl Stone Soup version 0.29.1-1-gd02db69 (webtiles) character file.

Game seed: 14340969712438718471

1547 Jonnyslop the Changer (level 8, -8/67 HPs)
             Began as a Yellow Draconian Transmuter on Mar 7, 2023.
             Mangled by a yak (13 damage)
             ... on level 5 of the Dungeon.
             The game lasted 00:16:01 (5451 turns).

Jonnyslop the Changer (Yellow Draconian Transmuter) Turns: 5451, Time: 00:16:02

Health: -8/67      AC:  2    Str: 14    XL:     8   Next: 57%
Magic:  11/14      EV: 20    Int: 15    God:
Gold:   207        SH:  0    Dex: 16    Spells: 3/16 levels left

rFire   . . .      SeeInvis .     - Unarmed
rCold   . . .      Faith    .   (shield currently unavailable)
rNeg    . . .      Spirit   .   (body armour unavailable)
rPois   x          Reflect  .   (helmet currently unavailable)
rElec   .          Harm     .   (cloak currently unavailable)
rCorr   .          Rampage  .   (gloves currently unavailable)
Will    .....                   (boots currently unavailable)
Stlth   ..........              (no amulet)
HPRegen 0.21/turn               (no ring)
MPRegen 0.14/turn               (no ring)

@: spider-form (expiring), silenced, wereblooded (expiring), attractive
A: venomous fangs, (spit acid), AC +6, tiny, unfitting armour, (cold-blooded),
(acid resistance)
a: End Transformation


You were on level 5 of the Dungeon.
You were a venomous arachnid creature.
You visited 1 branch of the dungeon, and saw 5 of its levels.

You collected 207 gold pieces.

Inventory:

Missiles
 c - 9 poisoned darts
Armour
 i - the +2 pair of boots "Nihiesk" (melded) {Rampage Str+3 Dex+4 SInv}
   (You found it on level 2 of the Dungeon)

   Str:       It affects your strength (+3).
   Dex:       It affects your dexterity (+4).
   SInv:      It lets you see invisible.
   Rampage:   It bestows one free step when moving towards enemies.
 n - a scarf of invisibility (melded)
Wands
 p - a wand of mindburst (13)
 r - a wand of roots (9)
Scrolls
 j - 3 scrolls of identify
 k - a scroll of noise {unknown}
 l - a scroll of vulnerability {unknown}
Potions
 a - 4 potions of lignification
 b - a potion of curing
 d - a potion of attraction
 e - a potion of heal wounds {unknown}
 f - a potion of magic {unknown}
 g - a potion of berserk rage {unknown}
 h - a potion of resistance {unknown}
 m - a potion of cancellation {unknown}
 q - 2 potions of mutation {unknown}


   Skills:
 + Level 4.9 Fighting
 + Level 3.1 Dodging
 + Level 5.4 Unarmed Combat
 + Level 4.5 Spellcasting
 + Level 5.9 Transmutations
 + Level 2.4 Ice Magic
 - Level 2.0 Poison Magic


You had 3 spell levels left.
You knew the following spells:

 Your Spells              Type           Power      Damage    Failure   Level
a - Beastly Appendage     Tmut           42%        N/A       7%          1
b - Wereblood             Tmut           21%        N/A       9%          2
c - Spider Form           Tmut/Pois      15%        N/A       24%         3
d - Ice Form              Ice/Tmut       16%        N/A       52%         4
e - Inner Flame           Hex/Fire       3%         N/A       67%         3

Your spell library contained the following spells:

 Spells                   Type           Power      Damage    Failure   Level
 Apportation              Tloc           6%         N/A       36%         1
 Foxfire                  Conj/Fire      12%        2x1d4     36%         1
 Magic Dart               Conj           12%        1d3       36%         1
 Necrotise                Necr           12%        1d4       36%         1
 Summon Small Mammal      Summ           12%        N/A       36%         1
 Ozocubu's Armour         Ice            10%        N/A       38%         3
 Call Imp                 Summ           3%         N/A       47%         2
 Mephitic Cloud           Conj/Pois/Air  5%         N/A       58%         3
 Call Canine Familiar     Summ           3%         N/A       67%         3
 Summon Guardian Golem    Hex/Summ       3%         N/A       67%         3
 Yara's Violent Unravell  Hex/Tmut       6%         3d5       92%         5
 Ozocubu's Refrigeration  Ice            5%         4d8       100%        7
 Chain Lightning          Conj/Air       1%         3d2       100%        9
 Fire Storm               Conj/Fire      1%         8d1       100%        9


Dungeon Overview and Level Annotations

Branches:
Dungeon (5/15)
 Temple: D:4-7

Altars:
Nemelex Xobeh


Innate Abilities, Weirdness & Mutations

You are a venomous arachnid creature.
You have poisonous fangs.
You are tiny and dextrous.
Your spellcasting is less reliable in this form.
Your armour is entirely melded.
You are incapable of wielding weapons or throwing items.
((You can spit globs of acid.))
((Your golden yellow scales are hard. (AC +6)))
You cannot fit into any form of body armour.
((You are cold-blooded and may be slowed by cold attacks.))
((You are resistant to acid. (rCorr)))


Message History

A profound silence engulfs you.
It was a scroll of silence.
The orc completely misses you. The orc attacks as you move away!
The orc closely misses you. The yak completely misses you.
The orc priest is attracted toward you. The yak is attracted toward you. x3
Things that are here:
a +0 mace; an orc corpse You hit the orc but do no damage.
Your primal bloodlust is almost over.
You feel a bit better.
You kill the yak!
The orc closely misses you. The yak closely misses you.
The orc priest is attracted toward you. The yak is attracted toward you.
Your Dodging skill increases to level 3!
You hit the orc.
The orc is poisoned.
The orc is heavily wounded.
An orc priest comes into view. It is wielding a +0 hand axe.
The orc completely misses you. The yak misses you. x2
The orc priest is attracted toward you.
You hit the orc.
The orc looks as sick as possible!
The orc is heavily wounded.
The orc priest misses you. The orc barely misses you.
The yak closely misses you. The yak gores you.
* * * LOW HITPOINT WARNING * * *
You bite the orc!
You feel a bit better.
You kill the orc!
The orc priest miscasts a cantrip.
The yak gores you.
* * * LOW HITPOINT WARNING * * *
The yak completely misses you. The orc priest completely misses you.
The adder closely misses you.
You bite the orc priest!
The orc priest is poisoned.
The orc priest is severely wounded.
The adder closely misses you. The yak misses you. x2
The orc priest closely misses you.
You hit the orc priest.
The orc priest is almost dead.
Your transformation is almost over.
The adder completely misses you. The yak barely misses you. The yak gores you!
You die...
YYo..?...

#. Y.SY...$# #. #.#
#> ######.# #.
#.....o# #.
#.###YY# #.
#Yo###############.
#YYS...............
##s################
#o# #.ยง ####


You could see 5 yaks, 3 orc priests and an adder.

Vanquished Creatures
  Grinder (D:3)
  A yak (D:5)
  Eustachio (D:4)
  An ice beast (D:4)
  An ogre (D:4)
  A bullfrog (D:4)
  4 scorpions
  An orc priest (D:4)
  3 hounds
  Crazy Yiuf (D:3)
  Terence (D:2)
  5 iguanas
  Robin (D:2)
  4 gnolls
  9 adders
  An ufetubus (D:5)
  A worm (D:4)
  2 dart slugs
  29 orcs
  7 bats
  6 endoplasms
  5 giant cockroaches
  11 goblins
  9 hobgoblins
  9 kobolds
  3 quokkas
  5 ball pythons
  5 frilled lizards
  6 rats
134 creatures vanquished.

Notes
Turn   | Place    | Note
-------+----------+-------------------------------------------
     0 | D:1      | Jonnyslop the Draconian Transmuter began the quest for the
                  | Orb.
     0 | D:1      | Reached XP level 1. HP: 16/16 MP: 3/3
   302 | D:1      | Reached XP level 2. HP: 23/23 MP: 3/5
   305 | D:1      | Learned a level 2 spell: Wereblood
   413 | D:1      | Got the Incunabulum of Blistering Malediction
  1103 | D:2      | Reached XP level 3. HP: 29/29 MP: 4/6
  1268 | D:2      | Found a faded altar of an unknown god.
  1280 | D:2      | Reached XP level 4. HP: 27/36 MP: 5/7
  1284 | D:2      | Learned a level 3 spell: Spider Form
  1394 | D:2      | Noticed Robin
  1406 | D:2      | Killed Robin
  1460 | D:2      | Identified the +2 pair of boots "Nihiesk" {Rampage Str+3
                  | Dex+4 SInv}
  1485 | D:2      | Noticed Terence
  1494 | D:2      | Killed Terence
  1858 | D:2      | Reached XP level 5. HP: 33/42 MP: 7/9
  2533 | D:3      | Reached skill level 1 in Poison Magic
  2941 | D:3      | Noticed Grinder
  2950 | D:3      | Paralysed by Grinder for 5 turns
  2961 | D:3      | Paralysed by Grinder for 3 turns
  2967 | D:3      | Killed Grinder
  2968 | D:3      | Reached XP level 6. HP: 16/51 MP: 8/11
  3275 | D:3      | Found a runed translucent door.
  3276 | D:3      | Noticed Crazy Yiuf
  3284 | D:3      | Killed Crazy Yiuf
  3583 | D:4      | Identified the +5 mace "Kuciomab" {freeze, MP+9 Dex+3
                  | Stlth+}
  3724 | D:4      | Your scales start taking on a golden yellow colour.
  3724 | D:4      | Reached XP level 7. HP: 57/57 MP: 12/12
  3724 | D:4      | Gained mutation: You are resistant to acid. (rCorr) [Yellow
                  | Draconian growth]
  3852 | D:4      | Reached skill level 5 in Transmutations
  3979 | D:4      | Learned a level 4 spell: Ice Form
  4175 | D:4      | Found a sparkling altar of Nemelex Xobeh.
  4336 | D:4      | Noticed Eustachio
  4349 | D:4      | Killed Eustachio
  4350 | D:4      | Reached skill level 1 in Ice Magic
  4810 | D:4      | Reached skill level 5 in Unarmed Combat
  4810 | D:4      | Reached XP level 8. HP: 67/67 MP: 9/14
  4830 | D:4      | Got the Quarto of Injurious Generation
  4835 | D:4      | Learned a level 3 spell: Inner Flame
  4916 | D:5      | Entered Level 5 of the Dungeon
  5451 | D:5      | Mangled by a yak

Illustrated notes

Levels and vault maps discovered:
D:1:      dpeg_arrival_windows_large_door, layout_basic,
          minmay_misc_feat_secret_circle
D:2:      layout_basic, shapermc_ecumenical_altar_mp_highgroup,
          kennysheep_generic_room_8, uniq_robin, uniq_terence
D:3:      layout_basic, uniq_crazy_yiuf_cottage, uniq_grinder
D:4:      minmay_clustersquares, layout_loops_ring, nemelex_dance_club_becter,
          uniq_eustachio
D:5:      layout_loops_ring

Skill      XL: |  1  2  3  4  5  6  7  8 |
---------------+-------------------------+-----
Fighting       | 2 3 4 |  4.9
Transmutations | 3 4 5 |  5.9
Spellcasting   | 3 4 |  4.5
Poison Magic   | 1 2 |  2.0
Unarmed Combat | 4 5 |  5.4
Dodging        | 2 3 |  3.1
Ice Magic      | 1 2 |  2.4

Action                   |  1- 3 |  4- 6 |  7- 9 || total
-------------------------+-------+-------+-------++-------
Melee: Unarmed           |    72 |   144 |   150 ||   366
       Kick              |    14 |    22 |     5 ||    41
       Headbutt          |     8 |    14 |     2 ||    24
       Tailslap          |     3 |    17 |     2 ||    22
       Punch             |     3 |     2 |     1 ||     6
 Cast: Beastly Appendage |    22 |    27 |    10 ||    59
       Wereblood         |       |    16 |     9 ||    25
       Spider Form       |       |     2 |    16 ||    18
 Abil: Breathe Acid      |       |       |     1 ||     1
  Use: Scroll            |     2 |       |     1 ||     3
       Potion            |       |     2 |     1 ||     3
 Stab: Sleeping          |       |       |     1 ||     1
Armor: Skin              |    33 |    28 |    12 ||    73
Dodge: Dodged            |    51 |    78 |   148 ||   277
